 Dungeon Sprint DCSS version 0.28-a0-794-gafe8c5f9e9 (webtiles) character file.

Game seed: 2699159858493908673

6 mhtbhm the Skirmisher (level 1, -6/15 HPs)
             Began as a Gargoyle Fighter on Nov 6, 2021.
             Mangled by an ogre (21 damage)
             ... in the Dungeon (Sprint IX: "|||||||||||||||||||||||||||||").
             The game lasted 00:00:02 (41 turns).

mhtbhm the Skirmisher (Gargoyle Fighter)              Turns: 41, Time: 00:00:03

Health: -6/15      AC:  9    Str: 19    XL:     1   Next: 90%
Magic:  1/1        EV:  9    Int:  8    God:
Gold:   0          SH:  4    Dex:  9    Spells: 0/0 levels left

rFire   . . .      SeeInvis .   a - +0 flail
rCold   . . .      Faith    .   c - +0 buckler
rNeg    + . .      Spirit   .   b - +0 scale mail
rPois   ∞          Reflect  .   (no helmet)
rElec   +          Harm     .   (no cloak)
rCorr   .          Rampage  .   (no gloves)
Will    .....      NoTele   +   (no boots)
Stlth   ..........              (no amulet)
HPRegen 0.05/turn               (no ring)
MPRegen 0.07/turn               (no ring)

@: no status effects
A: sickness immunity, AC +2, negative energy resistance 1, electricity
resistance, torment resistance 1, petrification resistance
a: no special abilities


You were in the Dungeon.
You visited 1 branch

Inventory:

Hand Weapons
 a - a +0 flail (weapon)
Armour
 b - a +0 scale mail (worn)
 c - a +0 buckler (worn)
Scrolls
 j - a scroll of blinking
Potions
 d - a potion of might
 e - a potion of curing
 f - a potion of heal wounds
 g - a potion of haste
 h - 2 potions of magic
 i - a potion of berserk rage


   Skills:
 + Level 4.1 Fighting
 + Level 2.2 Maces & Flails
 + Level 3.8 Armour
 + Level 3.9 Shields


You couldn't memorise any spells.
You didn't know any spells.
Your spell library was empty.

Dungeon Overview and Level Annotations

Branches:
Dungeon (1/1)

Altars:


Innate Abilities, Weirdness & Mutations

You are immune to sickness and miasma.
Your stone body is resilient. (AC +2)
You are immune to poison.
You resist negative energy. (rN+)
You are resistant to electric shocks. (rElec)
You are resistant to unholy torment.
You are immune to petrification.


Message History

The bat closely misses you. The bat barely misses you.
Things that are here:
a +0 dagger; a bat corpse You closely miss the bat.
The bat hits you but does no damage. x2
You block the bat's attack. x2
You closely miss the bat. The bat hits you but does no damage.
You block the bat's attack.
You barely miss the bat. The bat barely misses you.
The bat hits you but does no damage.
You miss the bat. You block the bat's attack.
The bat hits you but does no damage.
You sock the bat!
You kill the bat!
You barely miss the goblin. The goblin completely misses you.
The goblin misses you.
You hit the goblin.
The goblin is heavily wounded.
The goblin hits you with a +0 club.
You barely miss the goblin.
The goblin is heavily wounded.
You block the goblin's attack.
You sock the goblin!
You kill the goblin!
Your Fighting skill increases to level 4!
No target in view!
No target in view!
No target in view!
No target in view!
No target in view!
HP restored.
You see here a +0 club.
You open the door. 2 iguanas, a hound, an ogre and an ufetubus come into view.
The ogre shouts!
The iguana hisses angrily.
The ufetubus shouts!
The iguana hisses angrily.
There are monsters nearby!
You barely miss the ogre.
The ogre hits you with a +0 giant club!!
Ouch! That really hurt!
You die...

▓.▓
▓.▓
▓.▓
▓†▓
▓)▓
▓)▓
▓.▓
▓.▓
▓@▓
▓O▓
▓l▓
▓5▓
▓l▓
▓.▓
▓h▓
▓+▓


You could see an ogre, 2 iguanas, a hound and an ufetubus.

Vanquished Creatures
  2 bats (D)
  A giant cockroach (D)
  2 goblins (D)
5 creatures vanquished.

Notes
Turn   | Place    | Note
-------+----------+-------------------------------------------
     0 | D        | mhtbhm the Gargoyle Fighter began the quest for the Orb.
     0 | D        | Reached XP level 1. HP: 14/14 MP: 1/1
    25 | D        | Reached skill level 4 in Fighting
    40 | D        | Noticed an ogre
    40 | D        | Noticed an iguana
    40 | D        | Noticed an iguana
    40 | D        | Noticed a hound
    41 | D        | Mangled by an ogre

Illustrated notes

Levels and vault maps discovered:
D:        linesprint [early_d, line_temple, items_1, d_10, items_2, lair_1,
          lair_end, items_3, orc_1, orc_end, items_4, d_15, swamp_1, shoals_1,
          snake_1, spider_1, d_20, vaults_1, items_5, swamp_end, shoals_end,
          snake_end, spider_end, vaults_end, d_27, items_6, zot_1, zot_end,
          crypt_end, forest_end, elf_end, slime_end, tomb_end, abyss_end,
          pan_hell_end]

Skill      XL: |  1 |
---------------+----+-----
Fighting       | 4 |  4.1
Maces & Flails | |  2.2
Armour         | |  3.8
Shields        | |  3.9

Action                   || total
-------------------------++-------
Melee: Flail             ||    20
Armor: Scale mail        ||    11
Dodge: Dodged            ||    11
Block: Buckler           ||     8

Table legend: (Time is in decaauts)
 A = Elapsed time spent in this place.
 B = Non-inter-level travel time spent in this place.
 C = Inter-level travel time spent in this place.
 D = Time resting spent in this place.
 E = Time spent auto-exploring this place.
 F = Levels seen in this place.
 G = Mean time per level.
                   A        B        C        D        E       F      G
               +--------+--------+--------+--------+--------+-----+--------+
         Total |     46 |     46 |      0 |      0 |     18 |   1 |   46.0 |
       Dungeon |     46 |     46 |      0 |      0 |     18 |   1 |   46.0 |
               +--------+--------+--------+--------+--------+-----+--------+

Top non-repeatable levels by time:
       D: 46 daAuts
